 Dungeon Crawl Stone Soup version 0.18.1-5-g4a78601 (webtiles) character file.

1122 LORDOFBUTT the Insei (level 8, 0/61 HPs)
             Began as a Demonspawn Monk on May 10, 2016.
             Killed by nerve-wracking pain
             ... invoked by Grinder
              (4 damage)
             ... on level 5 of the Dungeon.
             The game lasted 00:08:19 (4422 turns).

LORDOFBUTT the Insei (Demonspawn Monk)              Turns: 4422, Time: 00:08:19

Health: 0/61       AC:  7    Str: 10 (12) XL:     8   Next: 12%
Magic:  8/8        EV: 21    Int:  9 (12) God:
Gold:   331        SH:  0    Dex: 21 (22) Spells: 0 memorised, 7 levels left

rFire  . . .     SeeInvis .       - Unarmed
rCold  . . .     Gourm    .     h - +1 leather armour
rNeg   . . .     Faith    .     (no shield)
rPois  .         Spirit   .     m - +0 helmet
rElec  .         Dismiss  .     (no cloak)
rCorr  .         Reflect  .     l - +1 pair of gloves
SustAt .         Harm     .     (no boots)
MR     .....                    (no amulet)
Stlth  ++++......               (no ring)
                                (no ring)

@: agile, flying, not resistant to hostile enchantments, stealthy
A: demonic guardian 1, spiny 2
a: no special abilities


You were on level 5 of the Dungeon.
You were not hungry.

You visited 1 branch of the dungeon, and saw 6 of its levels.

You collected 331 gold pieces.

Inventory:

Armour
 h - a +1 leather armour (worn)
 l - a +1 pair of gloves (worn)
 m - a +0 helmet (worn)
Scrolls
 g - 2 scrolls of identify
Potions
 j - a potion of cancellation {unknown}
 o - a potion of brilliance {unknown}
Books
 r - a book of Battle

   Spells                             Type                      Level
   a - Infusion                       Charms                       1
   b - Shroud of Golubria             Charms/Translocation         2
   c - Song of Slaying                Charms                       2
   d - Spectral Weapon                Hexes/Charms                 3
   e - Regeneration                   Charms/Necromancy            3
Comestibles
 d - a meat ration
 p - a bread ration


   Skills:
 + Level 4.9 Fighting
 + Level 3.4 Armour
 + Level 5.4 Dodging
 + Level 3.9 Stealth
 + Level 5.5 Unarmed Combat


You had 7 spell levels left.
You didn't know any spells.

Dungeon Overview and Level Annotations

Branches:
Dungeon (6/15)
 Temple: D:4-7

Altars:
Okawaru
Trog
Zin
The Shining One

Annotations:
D:5 Grinder


Innate Abilities, Weirdness & Mutations

A weak demonic guardian rushes to your aid.
You are mostly covered in sharp spines.


Message History

Your crimson imp easily resists.
Dowan is struck by your spines.
You kill Dowan!
Grinder is nearby!
Grinder is nearby!
You start resting.
Your crimson imp disappears in a puff of smoke!
Drink which item? (? for menu, Esc to quit)
It was a potion of degeneration.
There was something very wrong with that liquid.
You feel weakened.
You feel dopey.
You feel clumsy.
Drink which item? (? for menu, Esc to quit)
It was a potion of agility.
You feel agile all of a sudden. Grinder barely misses you.
You hit Grinder but do no damage. Your punch misses Grinder.
Grinder is almost dead.
Grinder gestures at you. Pain shoots through your body!
You die...

##.....## #.......#
#.......#
###.......#
###.#####........##
..
................##
.. .#.###.#######.#
... #.###.# #...#
.... #.#...#####@#
#
....##.......>##5#
..#..#...55..).).#
.#........5...####
.....ยง........#
.#............#
..............#
.......####..##
.#.?...# ##..$


You could see Grinder.

Vanquished Creatures
  Duvessa (D:5)
  2 slaves (D:4)
  A phantom (D:4)
  Blork the orc (D:6)
  Dowan (D:5)
  A scorpion (D:4)
  A water moccasin skeleton (D:4)
  A hound (D:4)
  An orc wizard (D:3)
  Terence (D:3)
  4 worker ants (D:4)
  3 gnolls (D:4)
  8 adders
  2 oozes
  An adder skeleton (D:4)
  4 worms
  A dart slug (D:1)
  4 giant geckos
  4 orcs
  A ball python (D:1)
  6 giant cockroaches
  7 hobgoblins
  3 jackals (D:2)
  2 kobolds (D:3)
  A quokka (D:2)
  8 bats
  3 giant newts
  5 goblins
  9 rats
87 creatures vanquished.

Vanquished Creatures (collateral kills)
  Pikel (D:4)
  Menkaure (D:4)
2 creatures vanquished.

Vanquished Creatures (others)
  A giant frog skeleton (D:4)
1 creature vanquished.

Grand Total: 90 creatures vanquished

Notes
Turn   | Place    | Note
--------------------------------------------------------------
     0 | D:1      | LORDOFBUTT the Demonspawn Monk began the quest for the Orb.
     0 | D:1      | Reached XP level 1. HP: 18/18 MP: 1/1
   173 | D:1      | Gained mutation: You are partially covered in sharp spines. [demonic ancestry]
   173 | D:1      | Reached XP level 2. HP: 24/24 MP: 2/2
   871 | D:2      | Reached XP level 3. HP: 29/29 MP: 3/3
  1099 | D:2      | Reached XP level 4. HP: 34/35 MP: 4/4
  1690 | D:3      | Noticed Terence
  1702 | D:3      | Killed Terence
  1702 | D:3      | Reached XP level 5. HP: 41/42 MP: 5/5
  1865 | D:3      | Found a glowing silver altar of Zin.
  1961 | D:3      | Reached skill level 1 in Armour
  2106 | D:3      | Found a glowing golden altar of the Shining One.
  2661 | D:4      | Noticed a phantom
  2681 | D:4      | Noticed a slave
  2682 | D:4      | Noticed a slave
  2682 | D:4      | Noticed a slave
  2684 | D:4      | Noticed Pikel
  2684 | D:4      | Noticed a slave
  2685 | D:4      | Killed a phantom
  2685 | D:4      | Gained mutation: A weak demonic guardian rushes to your aid. [demonic ancestry]
  2685 | D:4      | Reached XP level 6. HP: 27/48 MP: 6/6
  2776 | D:4      | Killed a slave
  2786 | D:4      | Killed a slave
  2820 | D:4      | Killed Pikel
  2820 | D:4      | Reached skill level 5 in Unarmed Combat
  2820 | D:4      | Reached XP level 7. HP: 16/54 MP: 7/7
  3078 | D:4      | Found a bloodstained altar of Trog.
  3078 | D:4      | Found a glowing golden altar of the Shining One.
  3079 | D:4      | Found an iron altar of Okawaru.
  3188 | D:4      | Noticed Menkaure
  3203 | D:4      | Killed Menkaure
  3471 | D:4      | Found an iron altar of Okawaru.
  3523 | D:4      | Reached skill level 5 in Dodging
  4041 | D:4      | Got a pair of polished gloves
  4052 | D:4      | Identified the cursed +0 pair of gloves of Hedging {*Confuse Str+5} (You found it on level 4 of the Dungeon)
  4111 | D:5      | Entered Level 5 of the Dungeon
  4123 | D:5      | Noticed Blork the orc
  4125 | D:5      | Noticed Dowan
  4126 | D:5      | Noticed Grinder
  4128 | D:5      | Noticed Duvessa
  4139 | D:5      | Paralysed by Grinder for 3 turns
  4146 | D:6      | Killed Blork the orc
  4401 | D:5      | Killed Duvessa
  4401 | D:5      | Gained mutation: You are mostly covered in sharp spines. [demonic ancestry]
  4401 | D:5      | Reached XP level 8. HP: 32/61 MP: 8/8
  4408 | D:5      | HP: 1/61 [Dowan/shard of ice (18)]
  4412 | D:5      | Killed Dowan
  4422 | D:5      | Killed from afar by Grinder

Skill      XL: |  1  2  3  4  5  6  7 |
---------------+----------------------+-----
Dodging        | 3 4 5 |  5.4
Unarmed Combat | 4 5 |  5.5
Stealth        | 2 3 |  3.9
Armour         | 1 2 3 |  3.4
Fighting       | 4 |  4.9

Action                   |  1- 3 |  4- 6 |  7- 9 || total
-------------------------+-------+-------+-------++-------
Melee: Unarmed           |    73 |   126 |    85 ||   284
       Punch             |     1 |     3 |     2 ||     6
  Use: Potion            |       |     2 |     4 ||     6
       Scroll            |       |     1 |     7 ||     8
 Stab: Sleeping          |     2 |     4 |     2 ||     8
       Distracted        |       |     1 |     1 ||     2
  Eat: Bread ration      |     1 |     1 |       ||     2
       Meat ration       |       |       |     1 ||     1
Armor: Robe              |     6 |       |       ||     6
       Leather armour    |     1 |    24 |    19 ||    44
Dodge: Dodged            |    40 |    68 |    52 ||   160
